 Dungeon Crawl Stone Soup version 0.30.1-11-g7821555f0a (webtiles) character file.

Game seed: 15463586812617617686

113 aaranaf the Conjurer (level 4, -9/24 HPs)
             Began as a Deep Elf Conjurer on Nov 6, 2023.
             Killed by divine providence
             ... invoked by an orc priest
              (12 damage)
             ... on level 3 of the Dungeon.
             The game lasted 00:38:20 (2720 turns).

aaranaf the Conjurer (Deep Elf Conjurer)            Turns: 2720, Time: 00:38:21

Health: -9/24      AC:  5    Str:  4    XL:     4   Next: 65%
Magic:  0/12       EV: 12    Int: 25    God:
Gold:   84         SH:  0    Dex: 13    Spells: 10/11 levels left

rFire   + . .        r - staff of conjuration
rCold   x . .        (no shield)
rNeg    . . .        a - +2 robe
rPois   .            (no helmet)
rElec   .            (no cloak)
rCorr   .            (no gloves)
SInv    .            t - +0 pair of boots
Will    .....        (no amulet)
Stlth   ++           g - ring of fire
HPRegen 0.24/turn    (no ring)
MPRegen 0.13/turn

%: no passive effects
@: no status effects
A: no striking features
a: no special abilities


You were on level 3 of the Dungeon.
You visited 1 branch of the dungeon, and saw 3 of its levels.

You collected 84 gold pieces.

Inventory:

Hand Weapons
 e - a +1 dagger of venom
 p - a +0 spear
 s - a +0 dagger of protection
Missiles
 o - 5 poisoned darts
Armour
 a - a +2 robe (worn)
 d - a +0 chain mail
 f - a +0 scale mail
 k - a +0 kite shield
 m - a +0 robe
 t - a +0 pair of boots (worn)
Magical Staves
 r - a staff of conjuration (weapon)
Jewellery
 g - a ring of fire (left hand)
 h - a ring of ice
 n - a ring of protection from cold
Scrolls
 j - a scroll of blinking
 u - a scroll of fog
 v - 2 scrolls of immolation {unknown}
 w - 3 scrolls of vulnerability
 x - a scroll of magic mapping {unknown}
Potions
 b - 2 potions of magic
 c - 3 potions of curing
 i - a potion of brilliance {unknown}
 l - 2 potions of lignification {unknown}
 q - a potion of berserk rage {unknown}


   Skills:
 + Level 2.6 Dodging
 + Level 2.9 Stealth
 * Level 4.3 Spellcasting
 * Level 5.8 Conjurations


You had 10 spell levels left.
You knew the following spells:

 Your Spells              Type           Power      Damage    Failure   Level
a - Magic Dart            Conj           100%       1d8       1%          1

Your spell library contained the following spells:

 Spells                   Type           Power      Damage    Failure   Level
 Searing Ray              Conj           100%       2d8       1%          2
 Dazzling Flash           Conj/Hex       60%        N/A       8%          3
 Fulminant Prism          Conj/Hex       15%        3d10      26%         4
 Iskenderun's Mystic Bla  Conj/Tloc      30%        2d8       26%         4


Dungeon Overview and Level Annotations

Branches:
Dungeon (3/15)

Altars:
Okawaru
Uskayaw
Wu Jian
Xom

Shops:
D:2 (*:[[

Annotations:
D:3 1 transporter, vvlvvlvvl's ghost, weakling HOHu


Message History

You hit the orc but do no damage.
The orc is heavily wounded.
The orc hits you but does no damage.
You barely miss the orc.
The orc is heavily wounded.
The orc misses you.
You barely miss the orc.
The orc is heavily wounded.
The orc hits you with a +0 mace.
You hit the orc but do no damage.
The orc is heavily wounded.
An orc priest comes into view. It is wielding a +0 mace.
The orc hits you with a +0 mace.
Aiming: Magic Dart (safe; 1% risk of failure)
Press: ? - help, Q - select action, (/) - cycle Shift-Dir - straight line, f/p - orc
Aim: an orc, wielding a +0 mace and wearing a +0 scale mail (heavily wounded, 100% to hit)
You feel a surge of power!
The magic dart hits the orc but does no damage.
The orc is heavily wounded.
The orc priest shouts!
You hear an angry hiss.
The orc priest calls upon Beogh to heal the orc.
The orc's wounds heal themselves!
The orc hits you but does no damage.
You hit the orc but do no damage. The orc misses you.
You closely miss the orc.
The orc priest invokes the aid of Beogh against you.
Beogh smites you!
Ouch! That really hurt!
* * * LOW HITPOINT WARNING * * *
The orc hits you with a +0 mace.
* * * LOW HITPOINT WARNING * * *
Unknown command.
You are too injured to fight recklessly!
The orc attacks as you move away! The orc hits you with a +0 mace.
* * * LOW HITPOINT WARNING * * *
The orc barely misses you.
The orc priest mumbles some strange prayers to Beogh against you.
Beogh smites you!
Ouch! That really hurt!
You die...

. ..#. ###.
..$
..##..#####
#.#........
#..........
#.o.....$..
...####.)o...#
#..........##
#######@####
## #.# ..
###.#######
#.##..........
#......##..###
####.####..##.
#.# #.# .. ...
... #.#
.#..##.
#.##.#..## ..


You could see an orc priest and an orc.

Vanquished Creatures
  An orc priest (D:3)
  An orc wizard (D:3)
  An orc (D:3)
  5 ball pythons
  5 endoplasms
  A giant cockroach (D:1)
  4 goblins
  3 hobgoblins
  4 jackals (D:2)
  4 quokkas
  6 bats
  12 frilled lizards
  3 kobolds
  10 rats
60 creatures vanquished.

Notes
Turn   | Place    | Note
-------+----------+-------------------------------------------
     0 | D:1      | aaranaf the Deep Elf Conjurer began the quest for the Orb.
     0 | D:1      | Reached XP level 1. HP: 10/10 MP: 6/6
   121 | D:1      | Found a faded altar of an unknown god.
   370 | D:1      | Reached XP level 2. HP: 15/15 MP: 4/8
   730 | D:1      | Reached skill level 5 in Conjurations
  1173 | D:2      | Found Husikeoz's Armour Boutique.
  1200 | D:2      | Found Ijyedd's Assorted Antiques.
  1221 | D:2      | Found Kamys's Weapon Shoppe.
  1225 | D:2      | Reached XP level 3. HP: 19/19 MP: 6/9
  1853 | D:2      | Found Rurebleo's Armour Shop.
  1910 | D:2      | Found Tecur's Book Shop.
  2511 | D:3      | Found a transporter.
  2511 | D:3      | Noticed vvlvvlvvl's ghost (weakling HOHu)
  2512 | D:3      | Noticed an ice beast
  2576 | D:3      | Found a hide-covered altar of Uskayaw.
  2642 | D:3      | Found an iron altar of Okawaru.
  2645 | D:3      | Found a shimmering altar of Xom.
  2647 | D:3      | Found an ornate altar of the Wu Jian Council.
  2703 | D:3      | Reached XP level 4. HP: 21/24 MP: 7/12
  2720 | D:3      | Killed from afar by an orc priest

Illustrated notes

Levels and vault maps discovered:
D:1:      psy_arrival_radial01, layout_loops_ring,
          chequers_ecumenical_altar_simple
D:2:      layout_loops_ring, serial_shops, shop,
          nicolae_shop_tiny_statue_garden, shop_fountains,
          nicolae_shop_just_a_little_nook, nicolae_lakefront_shop,
          minmay_lizard_king
D:3:      layout_loops_cross, lemuel_doored_altar, grunt_temple_overflow_open,
          chequers_temple_overflow_statue_of_worship, gammafunk_ghost_arena

Skill      XL: |  1  2  3 |
---------------+----------+-----
Conjurations   | 5 |  5.8
Spellcasting   | 4 |  4.3
Dodging        | |  2.6
Stealth        | |  2.9

Action                     |  1- 3 |  4- 6 || total
---------------------------+-------+-------++-------
  Melee: Staff             |    13 |     6 ||    19
   Cast: Magic Dart        |    93 |     9 ||   102
    Use: Scroll            |     6 |       ||     6
 Armour: Robe              |     7 |     3 ||    10
  Dodge: Dodged            |    11 |     7 ||    18
